SAAA
SCRANTON SUPERNOVAS @ ATHLETIC CLUB KC RESERVES
08/16/2029
 
TOP OF THE 1ST
Scranton Supernovas batting - Pitching for Athletic Club KC Reserves : LHP Jesús Otero
Pitching: LHP Jesús Otero
Batting: RHB Senior Pond 0-0: Ball
1-0: Bunted foul
1-1: Ball
2-1: Ball
3-1: Base on Balls
Batting: RHB Martín Álvarez 0-0: Ball
1-0: Ball
2-0: Called Strike
2-1: Foul Ball, location: 2F
2-2: Ball
3-2: Fly out, F9 (Flyball, 9LDF)
Batting: RHB Phil Moore 0-0: Ball
1-0: Ball
2-0: Called Strike
2-1: Grounds into double play, 4-6-3 (Groundball, 4)
Top of the 1st over - 0 runs, 0 hits, 0 errors, 0 left on base; Scranton 0 - Athletic Club KC 0
BOTTOM OF THE 1ST
Athletic Club KC Reserves batting - Pitching for Scranton Supernovas : RHP Goodluck Obasanjo
Pitching: RHP Goodluck Obasanjo
Batting: RHB Khal Drogo 0-0: Ball
1-0: Foul Ball, location: 2F
1-1: Ball
2-1: Foul Ball, location: 2F
2-2: Fly out, F5 (Line Drive, 56)
Batting: RHB Tasuku Goto 0-0: Fly out, F6 (Line Drive, 6M)
Batting: LHB Wu-shun Chu 0-0: Called Strike
0-1: SINGLE (Line Drive, 4D)
Batting: LHB Tsai Ng 0-0: Called Strike
0-1: Ball
1-1: Foul Ball, location: 2F
1-2: Ball
2-2: 2-RUN HOME RUN (Flyball, 9LD), Distance : 326 ft
Batting: RHB Andrés Medina 0-0: Foul Ball, location: 2F
0-1: Ground out 4-3 (Groundball, 4S)
Bottom of the 1st over - 2 runs, 2 hits, 0 errors, 0 left on base; Scranton 0 - Athletic Club KC 2
TOP OF THE 2ND
Scranton Supernovas batting - Pitching for Athletic Club KC Reserves : LHP Jesús Otero
Batting: RHB Felipe Bruno 0-0: Called Strike
0-1: Ball
1-1: Fly out, F9 (Flyball, 89XD)
Batting: RHB Kevin Malone 0-0: Fly out, F9 (Flyball, 9S)
Batting: RHB Mikko Haataja 0-0: Swinging Strike
0-1: Ball
1-1: Ball
2-1: Called Strike
2-2: Foul Ball, location: 2F
2-2: DOUBLE (Flyball, 8RXD)
Batting: LHB Chase Popoff 0-0: Ball
1-0: Called Strike
1-1: Ball
2-1: Ball
3-1: Base on Balls
Batting: RHB David Wooderson 0-0: Ball
1-0: Fly out, F9 (Flyball, 9D)
Top of the 2nd over - 0 runs, 1 hit, 0 errors, 2 left on base; Scranton 0 - Athletic Club KC 2
BOTTOM OF THE 2ND
Athletic Club KC Reserves batting - Pitching for Scranton Supernovas : RHP Goodluck Obasanjo
Batting: RHB Dani Reyes 0-0: Ball
1-0: Ball
2-0: Ball
3-0: Called Strike
3-1: Swinging Strike
3-2: Base on Balls
Batting: RHB Allen Williams 0-0: Ball
1-0: Grounds into double play, 6-4-3 (Groundball, 6)
Batting: RHB Geoff Rivers 0-0: Called Strike
0-1: SOLO HOME RUN (Flyball, 7D), Distance : 349 ft
Batting: LHB Héctor Barrios 0-0: Ground out U3 (Groundball, 34S)
Bottom of the 2nd over - 1 run, 1 hit, 0 errors, 0 left on base; Scranton 0 - Athletic Club KC 3
TOP OF THE 3RD
Scranton Supernovas batting - Pitching for Athletic Club KC Reserves : LHP Jesús Otero
Batting: RHB Kent Summey 0-0: Ball
1-0: Ground out 6-3 (Groundball, 6)
Batting: RHB Senior Pond 0-0: Called Strike
0-1: Ball
1-1: Fly out, F6 (Line Drive, 6)
Batting: RHB Martín Álvarez 0-0: Ball
1-0: Ball
2-0: Ball
3-0: SINGLE (Groundball, 34D)
Batting: RHB Phil Moore 0-0: Ball
1-0: Foul Ball, location: 2F
1-1: Called Strike
1-2: Ball
2-2: Fly out, F9 (Line Drive, 89S)
Top of the 3rd over - 0 runs, 1 hit, 0 errors, 1 left on base; Scranton 0 - Athletic Club KC 3
BOTTOM OF THE 3RD
Athletic Club KC Reserves batting - Pitching for Scranton Supernovas : RHP Goodluck Obasanjo
Batting: RHB Khal Drogo 0-0: Ball
1-0: Called Strike
1-1: Foul Ball, location: 2F
1-2: Foul Ball, location: 2F
1-2: Fly out, F9 (Flyball, 9LMF)
Batting: RHB Tasuku Goto 0-0: Ball
1-0: Called Strike
1-1: Swinging Strike
1-2: Ball
2-2: Strikes out swinging
Batting: LHB Wu-shun Chu 0-0: Ball
1-0: Swinging Strike
1-1: Ball
2-1: SINGLE (Groundball, 3) (infield hit)
Batting: LHB Tsai Ng 0-0: Ball
1-0: Foul Ball, location: 2F
1-1: Ball
2-1: SINGLE (Flyball, 78S)
Wu-shun Chu to second
Batting: RHB Andrés Medina 0-0: Ball
1-0: Called Strike
1-1: Fly out, F7 (Flyball, 7LD)
Bottom of the 3rd over - 0 runs, 2 hits, 0 errors, 2 left on base; Scranton 0 - Athletic Club KC 3
TOP OF THE 4TH
Scranton Supernovas batting - Pitching for Athletic Club KC Reserves : LHP Jesús Otero
Batting: RHB Felipe Bruno 0-0: Ball
1-0: Foul Ball, location: 2F
1-1: Ball
2-1: SINGLE (Groundball, 6D)
Batting: RHB Kevin Malone 0-0: Called Strike
0-1: Called Strike
0-2: Foul Ball, location: 2F
0-2: Foul Ball, location: 2F
0-2: Ball
1-2: Ball
2-2: Foul Ball, location: 2F
2-2: Foul Ball, location: 2F
2-2: SINGLE (Line Drive, 4MD)
Felipe Bruno to second
Batting: RHB Mikko Haataja 0-0: Foul Ball, location: 2F
0-1: SINGLE (Flyball, 9S)
Felipe Bruno to third
Kevin Malone to second
Batting: LHB Chase Popoff 0-0: Ball
1-0: Called Strike
1-1: Ball
2-1: Called Strike
2-2: SINGLE (Groundball, 34D)
Felipe Bruno scores
Kevin Malone to third
Mikko Haataja to second
Runner from 3rd tries for Home, SAFE, throw made home
Batting: RHB David Wooderson 0-0: Called Strike
0-1: Ball
1-1: Ball
2-1: Ball
3-1: Fly out, F2 (Popup, 23F)
Batting: RHB Kent Summey 0-0: Called Strike
0-1: Called Strike
0-2: Foul Ball, location: 2F
0-2: Foul Ball, location: 2F
0-2: 3-RUN HOME RUN (Line Drive, 7LD), Distance : 341 ft
Batting: RHB Senior Pond 0-0: Ball
1-0: Ball
2-0: Called Strike
2-1: Ball
3-1: Foul Ball, location: 2F
3-2: Ground out 5-3 (Groundball, 5)
Batting: RHB Martín Álvarez 0-0: Ball
1-0: Fly out, F8 (Flyball, 78M)
Top of the 4th over - 5 runs, 5 hits, 0 errors, 0 left on base; Scranton 5 - Athletic Club KC 3
BOTTOM OF THE 4TH
Athletic Club KC Reserves batting - Pitching for Scranton Supernovas : RHP Goodluck Obasanjo
Batting: RHB Dani Reyes 0-0: Called Strike
0-1: Ball
1-1: Swinging Strike
1-2: Ball
2-2: Foul Ball, location: 2F
2-2: Ball
3-2: Foul Ball, location: 2F
3-2: Foul Ball, location: 2F
3-2: Strikes out swinging
Batting: RHB Allen Williams 0-0: Ball
1-0: Ball
2-0: Swinging Strike
2-1: Foul Ball, location: 2F
2-2: Ball
3-2: Strikes out swinging
Batting: RHB Geoff Rivers 0-0: Swinging Strike
0-1: Foul Ball, location: 2F
0-2: Ball
1-2: Ball
2-2: Ground out 6-3 (Groundball, 6M)
Bottom of the 4th over - 0 runs, 0 hits, 0 errors, 0 left on base; Scranton 5 - Athletic Club KC 3
TOP OF THE 5TH
Scranton Supernovas batting - Pitching for Athletic Club KC Reserves : LHP Jesús Otero
Batting: RHB Phil Moore 0-0: SINGLE (Line Drive, 56D)
Pitching: RHP Dempster Kelly
Batting: RHB Felipe Bruno 0-0: Ball
1-0: Fly out, F9 (Flyball, 9LD)
Batting: RHB Kevin Malone 0-0: Swinging Strike
0-1: Grounds into double play, 5-4-3 (Groundball, 56)
Top of the 5th over - 0 runs, 1 hit, 0 errors, 0 left on base; Scranton 5 - Athletic Club KC 3
BOTTOM OF THE 5TH
Athletic Club KC Reserves batting - Pitching for Scranton Supernovas : RHP Goodluck Obasanjo
Batting: LHB Héctor Barrios 0-0: Ball
1-0: Ball
2-0: Ball
3-0: Foul Ball, location: 2F
3-1: Foul Ball, location: 2F
3-2: Base on Balls
Batting: RHB Khal Drogo 0-0: Grounds into double play, 5-4-3 (Groundball, 56)
Batting: RHB Tasuku Goto 0-0: Ball
1-0: Ball
2-0: Ground out 6-3 (Groundball, 6S)
Bottom of the 5th over - 0 runs, 0 hits, 0 errors, 0 left on base; Scranton 5 - Athletic Club KC 3
TOP OF THE 6TH
Scranton Supernovas batting - Pitching for Athletic Club KC Reserves : RHP Dempster Kelly
Batting: RHB Mikko Haataja 0-0: Called Strike
0-1: Swinging Strike
0-2: Ball
1-2: Foul Ball, location: 2F
1-2: SINGLE (Groundball, 4MD)
Batting: LHB Chase Popoff 0-0: Called Strike
0-1: Swinging Strike
0-2: Ball
Wild Pitch!
Mikko Haataja to second
1-2: Fly out, F5 (Popup, 5)
Batting: RHB David Wooderson 0-0: Ball
1-0: Fly out, F8 (Line Drive, 8RM)
Batting: RHB Kent Summey 0-0: Ball
1-0: Foul Ball, location: 2F
1-1: Called Strike
1-2: Ball
2-2: Fly out, F8 (Flyball, 8RM)
Top of the 6th over - 0 runs, 1 hit, 0 errors, 1 left on base; Scranton 5 - Athletic Club KC 3
BOTTOM OF THE 6TH
Athletic Club KC Reserves batting - Pitching for Scranton Supernovas : RHP Goodluck Obasanjo
Batting: LHB Wu-shun Chu 0-0: Called Strike
0-1: Fly out, F7 (Flyball, 78S)
Batting: LHB Tsai Ng 0-0: Ball
1-0: Ball
2-0: Ball
3-0: Base on Balls
Batting: RHB Andrés Medina 0-0: Fly out, F8 (Flyball, 8LD)
Batting: RHB Dani Reyes 0-0: Ball
1-0: Ball
2-0: Ball
3-0: Called Strike
3-1: SINGLE (Groundball, 34) (infield hit)
Tsai Ng to second
Batting: RHB Allen Williams 0-0: Ball
1-0: Called Strike
1-1: Foul Ball, location: 2F
1-2: Ball
2-2: Foul Ball, location: 2F
2-2: Ball
3-2: Fly out, F9 (Flyball, 9)
Bottom of the 6th over - 0 runs, 1 hit, 0 errors, 2 left on base; Scranton 5 - Athletic Club KC 3
TOP OF THE 7TH
Scranton Supernovas batting - Pitching for Athletic Club KC Reserves : RHP Dempster Kelly
Batting: RHB Senior Pond 0-0: Ball
1-0: Swinging Strike
1-1: Called Strike
1-2: Fly out, F7 (Line Drive, 7D)
Batting: RHB Martín Álvarez 0-0: Ball
1-0: Ground out 5-3 (Groundball, 56)
Batting: RHB Phil Moore 0-0: Ground out 4-3 (Groundball, 4)
Top of the 7th over - 0 runs, 0 hits, 0 errors, 0 left on base; Scranton 5 - Athletic Club KC 3
BOTTOM OF THE 7TH
Athletic Club KC Reserves batting - Pitching for Scranton Supernovas : RHP Goodluck Obasanjo
Batting: RHB Geoff Rivers 0-0: Ball
1-0: Ball
2-0: Called Strike
2-1: Foul Ball, location: 2F
2-2: Fly out, F7 (Flyball, 7LMF)
Batting: LHB Héctor Barrios 0-0: Ball
1-0: Fly out, F8 (Flyball, 8LM)
Batting: RHB Khal Drogo 0-0: Ground out 5-3 (Groundball, 56S)
Bottom of the 7th over - 0 runs, 0 hits, 0 errors, 0 left on base; Scranton 5 - Athletic Club KC 3
TOP OF THE 8TH
Scranton Supernovas batting - Pitching for Athletic Club KC Reserves : RHP Dempster Kelly
Batting: RHB Felipe Bruno 0-0: Ball
1-0: Swinging Strike
1-1: Ball
2-1: Foul Ball, location: 2F
2-2: Foul Ball, location: 2F
2-2: Foul Ball, location: 2F
2-2: Ball
3-2: Reached on error, E6 (Groundball, 6D)
Batting: RHB Kevin Malone 0-0: Intentional Walk
Pinch Hitting: LHB Phillip Tinker 0-0: Called Strike
0-1: Ball
1-1: Foul Ball, location: 2F
1-2: Ball
2-2: Foul Ball, location: 2F
2-2: Ball
3-2: Fly out, F8 (Flyball, 8LD)
Batting: LHB Chase Popoff 0-0: Ball
1-0: Foul Ball, location: 2F
1-1: Ball
2-1: Foul Ball, location: 2F
2-2: SINGLE (Groundball, 56) (infield hit)
Felipe Bruno to third
Kevin Malone to second
Batting: RHB David Wooderson 0-0: SINGLE (Line Drive, 56)
Felipe Bruno scores
Kevin Malone to third
Chase Popoff to second
Batting: RHB Kent Summey 0-0: Ball
1-0: GRAND SLAM HOME RUN (Flyball, 89XD), Distance : 368 ft
Batting: RHB Senior Pond 0-0: Ball
1-0: Foul Ball, location: 2F
1-1: Swinging Strike
1-2: Ball
2-2: Strikes out swinging
Batting: RHB Martín Álvarez 0-0: Called Strike
0-1: Ball
1-1: Fly out, F4 (Flyball, 34D)
Top of the 8th over - 5 runs, 3 hits, 1 error, 0 left on base; Scranton 10 - Athletic Club KC 3
BOTTOM OF THE 8TH
Athletic Club KC Reserves batting - Pitching for Scranton Supernovas : RHP Goodluck Obasanjo
Now at SS: José Cordero
Now in LF: Todd Blankenburg
Batting: RHB Tasuku Goto 0-0: Foul Ball, location: 2F
0-1: Fly out, F9 (Flyball, 9D)
Batting: LHB Wu-shun Chu 0-0: Ground out 6-3 (Groundball, 6)
Batting: LHB Tsai Ng 0-0: Ball
1-0: Called Strike
1-1: Ball
2-1: Ball
3-1: Base on Balls
Pitching: RHP José Cabrera
Batting: RHB Andrés Medina 0-0: Ball
1-0: Called Strike
1-1: Ball
2-1: Fielders Choice at 2nd, 6-4 (Groundball, 6)
Bottom of the 8th over - 0 runs, 0 hits, 0 errors, 1 left on base; Scranton 10 - Athletic Club KC 3
TOP OF THE 9TH
Scranton Supernovas batting - Pitching for Athletic Club KC Reserves : RHP Dempster Kelly
Pitching: LHP António Silva
Batting: RHB Phil Moore 0-0: Foul Ball, location: 2F
0-1: Ball
1-1: Ball
2-1: Foul Ball, location: 2F
2-2: DOUBLE (Flyball, 78XD)
Batting: RHB Felipe Bruno 0-0: Called Strike
0-1: SINGLE (Groundball, 6D)
Phil Moore to third
Batting: RHB Kevin Malone 0-0: Ball
1-0: Fly out, F7 (Flyball, 7D)
Runner from 3rd tags up, SCORES, throw made
Batting: LHB José Cordero 0-0: Ball
1-0: Foul Ball, location: 2F
1-1: Fly out, F7 (Flyball, 78D)
Batting: LHB Chase Popoff 0-0: Ball
1-0: Ball
2-0: Called Strike
2-1: Swinging Strike
2-2: Ball
3-2: Strikes out looking
Top of the 9th over - 1 run, 2 hits, 0 errors, 1 left on base; Scranton 11 - Athletic Club KC 3
BOTTOM OF THE 9TH
Athletic Club KC Reserves batting - Pitching for Scranton Supernovas : RHP José Cabrera
Now at 1B: Pedro Rivera
Batting: RHB Dani Reyes 0-0: Called Strike
0-1: DOUBLE (Flyball, 89D)
Batting: RHB Allen Williams 0-0: Foul Ball, location: 2F
0-1: Fly out, F8 (Flyball, 8LS)
Batting: RHB Geoff Rivers 0-0: Ball
1-0: Called Strike
1-1: Called Strike
1-2: Ball
2-2: Ground out 5-3 (Groundball, 5L)
Batting: LHB Héctor Barrios 0-0: Ground out 4-3 (Groundball, 4)
Bottom of the 9th over - 0 runs, 1 hit, 0 errors, 1 left on base; Scranton 11 - Athletic Club KC 3
Tuesday, December 19th, 2017 - OOTP Baseball 18.8 Build 76